 Dungeon Crawl Stone Soup version 0.25.0-45-g978344163c (webtiles) character file.

Game seed: 9829967750930714980

51 Ethylacetat the Digger (level 3, -2/28 HPs)
             Began as a Naga Earth Elementalist on July 11, 2020.
             Slain by a gnoll
             ... wielding a +0 spear
              (8 damage)
             ... on level 2 of the Dungeon.
             The game lasted 00:06:46 (1798 turns).

Ethylacetat the Digger (Naga Earth Elementalist)    Turns: 1798, Time: 00:06:47

Health: -2/28      AC:  2    Str: 10    XL:     3   Next: 81%
Magic:  6/7        EV: 10    Int: 16    God:
Gold:   63         SH:  0    Dex: 11    Spells: 6/7 levels left

rFire    . . .     SeeInvis +   g - +0 dagger
rCold    . . .     Gourm    .   (no shield)
rNeg     . . .     Faith    .   c - +0 robe
rPois    +         Spirit   .   (no helmet)
rElec    .         Reflect  .   (no cloak)
rCorr    .         Harm     .   (no gloves)
MR       .....                  (no barding)
Stlth    ++........             (no amulet)
HPRegen  0.09/turn              (no ring)
MPRegen  0.10/turn              (no ring)

@: short of breath, very slow
A: large, see invisible, deformed body, poison resistance, slowness 2, slow
metabolism 1, spit poison 1, AC +1
a: Spit Poison


You were on level 2 of the Dungeon.
You were not hungry.

You visited 1 branch of the dungeon, and saw 2 of its levels.

You collected 63 gold pieces.

Inventory:

Hand Weapons
 g - a +0 dagger (weapon)
Missiles
 b - 51 stones (quivered)
Armour
 c - a +0 robe (worn)
Jewellery
 i - a cursed ring of attention {unknown}
Scrolls
 f - 2 scrolls of teleportation {unknown}
 h - 4 scrolls of identify {unknown}
Potions
 a - a potion of curing {unknown}
 e - 2 potions of lignification {unknown}
Comestibles
 d - 4 rations
 j - 2 chunks of flesh


   Skills:
 - Level 1.5 Dodging
 - Level 3.0 Stealth
 + Level 2.6 Spellcasting
   Level 1.0 Transmutations
 * Level 4.1 Earth Magic


You had 6 spell levels left.
You knew the following spells:

 Your Spells              Type           Power        Failure   Level  Hunger
a - Sandblast             Erth           ###...       3%          1    #......

Your spell library contained the following spells:

 Spells                   Type           Power        Failure   Level  Hunger
 Passwall                 Tmut/Erth      ##......     10%         2    ##.....
 Stone Arrow              Conj/Erth      #.....       24%         3    ###....
 Confusing Touch          Hex            #.......     52%         3    ###....
 Gell's Gravitas          Tloc           #.........   52%         3    ###....
 Petrify                  Tmut/Erth      ##......     54%         4    #####..
 Lee's Rapid Deconstruct  Erth           ###.......   67%         5    ######.
 Metabolic Englaciation   Hex/Ice        #.........   99%         5    ######.
 Yara's Violent Unravell  Hex/Tmut       #.........   99%         5    ######.


Dungeon Overview and Level Annotations

Branches:
Dungeon (2/15)

Altars:


Innate Abilities, Weirdness & Mutations

You cannot wear boots.
Your serpentine skin is tough. (AC +1)
You have supernaturally acute eyesight. (SInv)
Armour fits poorly on your strangely shaped body.
Your system is resistant to poisons. (rPois)
You cover ground very slowly.
You have a slow metabolism.
You can spit poison.


Message History

You kill the gnoll!
Things that are here:
a +0 dagger; a goblin skeleton
Press: ? - help, Shift-Dir - straight line, f - hobgoblin
Aim: a hobgoblin, wielding a +0 club The splash of poison hits the hobgoblin!
The hobgoblin is poisoned.
You kill the hobgoblin!
You feel slightly more hungry. The gnoll barely misses you.
The gnoll hits you from afar with a +0 spear!
The gnoll hits you from afar with a +0 spear!
* * * LOW HITPOINT WARNING * * *
You have got your breath back.
Press: ? - help, Shift-Dir - straight line, f - gnoll
Aim: a gnoll, wielding a +0 spear The splash of poison hits the gnoll.
The gnoll is lightly wounded.
You feel slightly more hungry.
The gnoll hits you from afar with a +0 spear!
You die...

.# #.....รท.....# #.#....#...#.
.# #....##.....####.#....#...#.
.# #....##.....#....#....#...#.
.# #....##.....#....#....#...#.
.# #....##.....#....#....#.#.#.
.# #....#####.##....#.#.##.#...
.# ##########.##....#.#....#...
.# #.....#.##g...#'######... .#
#.....#.@.g.))!........#.
.########.....########....######.
........'.................'.....>
#########...........##....#######
######......##....# .[
#......##....###....
#..............'.g..
#......###...###.... #####......#
#...# ..


You could see 2 gnolls.

Vanquished Creatures
  A gnoll (D:2)
  2 dart slugs
  2 leopard geckos (D:1)
  2 giant cockroaches (D:1)
  6 goblins
  4 hobgoblins
  4 kobolds
  2 ball pythons
  4 bats
  7 frilled lizards (D:1)
  3 rats (D:1)
37 creatures vanquished.

Notes
Turn   | Place    | Note
-------+----------+-------------------------------------------
     0 | D:1      | Ethylacetat the Naga Earth Elementalist began the quest for
                  | the Orb.
     0 | D:1      | Reached XP level 1. HP: 15/15 MP: 3/3
   257 | D:1      | Reached XP level 2. HP: 22/22 MP: 5/5
   795 | D:1      | Reached XP level 3. HP: 20/28 MP: 6/6
  1704 | D:2      | Reached skill level 4 in Earth Magic
  1798 | D:2      | Slain by a gnoll

Illustrated notes

Levels and vault maps discovered:
D:1:      psy_arrival_statuary, layout_basic, minmay_misc_feat_more_columns
D:2:      layout_basic

Skill      XL: |  1  2  3 |
---------------+----------+-----
Earth Magic    | 4 |  4.1
Dodging        | |  1.5
Stealth        | |  3.0
Spellcasting   | |  2.6
Transmutations | |  1.0

Action                   || total
-------------------------++-------
Melee: Unarmed           ||     6
       Dagger            ||    45
Throw: Stone             ||     1
 Cast: Sandblast         ||     6
 Abil: Spit Poison       ||    34
 Stab: Sleeping          ||     1
  Eat: Chunk             ||     4
Armor: Robe              ||     9
Dodge: Dodged            ||    37
